cohdb
Replays
Latest Replays
All Replays
Popular Replays
Top Player Replays
Match Explorer
How It Works
Community
CoH3 Stats
Reddit
Sign in to upload your games and track your stats! →
Sign in with Steam
Match 40370761
Unlisted
Match 40370761
Overview
Messages
Build Orders
End
Selects Airborne Battlegroup
Selects Heavy Machine Gun Paradrop
Heavy Machine Gun Paradrop
Construct Barracks
Riflemen Squad
M1 Mortar Team
Heavy Machine Gun Paradrop
Grenade Package
Selects Paratrooper Squad Paradrop
Paratrooper Squad Paradrop
Paratrooper Squad Paradrop
Infantry Support Center
Advanced Logistics
Survival Training
Construct Weapon Support Center
Selects Anti-tank Gun Team Paradrop
Anti-tank Gun Team Paradrop
Kylen
runningDuck
nerf R.N.G
Arkho
[lwr]ロム Ram & Rom ラム
Steken
0
0
Comments
sign in to comment!
No comments posted yet!